 Dungeon Crawl Stone Soup version 0.28-a0-819-g6ef7baa362 (webtiles) character file.

Game seed: 17315358951035934816

61 siradein the Slasher (level 3, -3/33 HPs)
             Began as a Minotaur Monk on Nov 9, 2021.
             Slain by Terence (6 damage)
             ... on level 2 of the Dungeon.
             The game lasted 00:04:51 (1659 turns).

siradein the Slasher (Minotaur Monk)                Turns: 1659, Time: 00:04:52

Health: -3/33      AC:  2    Str: 15    XL:     3   Next: 83%
Magic:  2/2        EV: 13    Int:  7    God:
Gold:   49         SH:  0    Dex: 13    Spells: 2/2 levels left

rFire   . . .      SeeInvis .   a - +0 falchion
rCold   . . .      Faith    .   (no shield)
rNeg    . . .      Spirit   .   b - +0 robe
rPois   .          Reflect  .   (helmet restricted)
rElec   .          Harm     .   (no cloak)
rCorr   .          Rampage  .   (no gloves)
Will    .....                   (no boots)
Stlth   ++........              (no amulet)
HPRegen 0.11/turn               (no ring)
MPRegen 0.08/turn               (no ring)

@: no status effects
A: horns 2, retaliatory headbutt
a: no special abilities


You were on level 2 of the Dungeon.
You visited 1 branch of the dungeon, and saw 2 of its levels.

You collected 49 gold pieces.

Inventory:

Hand Weapons
 a - a +0 falchion (weapon)
Missiles
 k - 6 boomerangs (quivered)
Armour
 b - a +0 robe (worn)
Scrolls
 c - a scroll of immolation {unknown}
 e - a scroll of holy word {unknown}
 g - a scroll of summoning {unknown}
 h - a scroll of brand weapon {unknown}
 i - a scroll of identify {unknown}
 j - a scroll of teleportation {unknown}
Potions
 d - 3 potions of curing {unknown}
 f - a potion of heal wounds {unknown}


   Skills:
 + Level 4.2 Fighting
 + Level 4.3 Long Blades
 + Level 2.0 Armour
 + Level 3.8 Dodging
 - Level 1.5 Stealth


You had 2 spell levels left.
You didn't know any spells.
Your spell library contained the following spells:

 Spells                   Type           Power      Damage    Failure   Level
 Animate Skeleton         Necr           0%         N/A       43%         1
 Pain                     Necr           0%         1d4       43%         1
 Vampiric Draining        Necr           0%         2d6       80%         3


Dungeon Overview and Level Annotations

Branches:
Dungeon (2/15)

Altars:

Annotations:
D:2 Terence


Innate Abilities, Weirdness & Mutations

You have a pair of horns on your head.
You reflexively headbutt those who attack you in melee.


Message History

Terence is lightly wounded.
Terence closely misses you. You furiously retaliate!
You headbutt Terence. You hit Terence. You headbutt Terence.
Terence is heavily wounded.
Terence completely misses you.
You barely miss Terence.
Terence is heavily wounded.
Terence hits you with a +0 short sword.
You completely miss Terence. You headbutt Terence!
Terence is almost dead.
Terence hits you with a +0 short sword!
* * * LOW HITPOINT WARNING * * *
Terence shouts, "ATTACK!!!"
You see here a giant cockroach corpse.
A giant cockroach comes into view.
A ball python comes into view.
The ball python moves out of view.
The giant cockroach bites you.
* * * LOW HITPOINT WARNING * * *
Terence says, "Time to say good-bye..."
The giant cockroach barely misses you. You furiously retaliate!
You headbutt the giant cockroach.
The ball python hisses angrily.
The ball python barely misses you. x2
The ball python bites you but does no damage.
The ball python grabs you. The ball python constricts you.
You escape the ball python's grasp.
You see here a giant cockroach corpse.
You hit the ball python. Your headbutt misses the ball python.
The ball python is moderately wounded.
The ball python barely misses you. The ball python grabs you.
The ball python constricts you.
* * * LOW HITPOINT WARNING * * *
You hit the ball python.
You kill the ball python!
You hit the giant cockroach.
You kill the giant cockroach!
Your Armour skill increases to level 2!
Terence hits you with a +0 short sword.
You die...

#.##.# #.# #.##.# #.# #w#
##.##.# #.# #.#
.########...#.####.## #.#
....................# #.#
....................# #.#
.B..####.....#####..# #.#
.
##...######..######.#####
#.....@@†.).............
#...######.########.####
#...# #.### #.# #...#
#...# #.#
#...########.######.#
#...................#
.......########.########
#.####.## #.# #### #.#
#.# #..


You could see Terence.

Vanquished Creatures
  A gnoll (D:1)
  An adder (D:2)
  A dart slug (D:1)
  5 ball pythons
  An endoplasm (D:1)
  2 giant cockroaches (D:2)
  6 goblins
  3 hobgoblins
  3 jackals (D:1)
  2 quokkas
  5 bats (D:1)
  A frilled lizard (D:2)
  3 kobolds (D:1)
  A rat (D:1)
35 creatures vanquished.

Notes
Turn   | Place    | Note
-------+----------+-------------------------------------------
     0 | D:1      | siradein the Minotaur Monk began the quest for the Orb.
     0 | D:1      | Reached XP level 1. HP: 19/19 MP: 0/0
    96 | D:1      | Reached XP level 2. HP: 8/27 MP: 1/1
   338 | D:1      | Reached skill level 1 in Armour
   776 | D:1      | Reached XP level 3. HP: 33/33 MP: 2/2
  1572 | D:2      | Noticed Terence
  1659 | D:2      | Slain by Terence

Illustrated notes

Levels and vault maps discovered:
D:1:      heliophobic_arrival_dark_side_of_the_moon, layout_basic
D:2:      layout_loops_ring, uniq_terence

Skill      XL: |  1  2  3 |
---------------+----------+-----
Armour         | 1 2 |  2.0
Long Blades    | 4 |  4.3
Fighting       | 4 |  4.2
Dodging        | |  3.8
Stealth        | |  1.5

Action                   || total
-------------------------++-------
Melee: Falchion          ||    77
       Headbutt          ||    11
Throw: Boomerang         ||     1
 Stab: Sleeping          ||     3
Armor: Robe              ||    13
Dodge: Dodged            ||    68

Table legend: (Time is in decaauts)
 A = Elapsed time spent in this place.
 B = Non-inter-level travel time spent in this place.
 C = Inter-level travel time spent in this place.
 D = Time resting spent in this place.
 E = Time spent auto-exploring this place.
 F = Levels seen in this place.
 G = Mean time per level.
                   A        B        C        D        E       F      G
               +--------+--------+--------+--------+--------+-----+--------+
         Total |   1666 |   1646 |     20 |      0 |   1328 |   2 |  833.0 |
       Dungeon |   1666 |   1646 |     20 |      0 |   1328 |   2 |  833.0 |
               +--------+--------+--------+--------+--------+-----+--------+

Top non-repeatable levels by time:
     D:1: 1250 daAuts
     D:2: 415 daAuts
